 Dungeon Crawl Stone Soup version 0.19.5 (webtiles) character file.

168 Reinor the Ducker (level 5, -3/24 HPs)
             Began as a Spriggan Earth Elementalist on May 13, 2017.
             Killed from afar by an orc wizard (7 damage)
             ... with a magic dart
             ... on level 3 of the Dungeon.
             The game lasted 00:09:36 (2932 turns).

Reinor the Ducker (Spriggan Earth Elementalist)     Turns: 2932, Time: 00:09:37

Health: -3/24      AC:  2    Str:  4    XL:     5   Next: 24%
Magic:  1/12       EV: 20    Int: 17    God:
Gold:   177        SH:  5    Dex: 17    Spells: 2 memorised, 9 levels left

rFire  . . .     SeeInvis +     b - 104 stones
rCold  . . .     Gourm    .     q - +0 robe (curse)
rNeg   . . .     Faith    .     (shield restricted)
rPois  .         Spirit   .     (helmet restricted)
rElec  .         Reflect  +     (no cloak)
rCorr  .         Harm     .     (gloves unavailable)
MR     .....                    (boots unavailable)
Stlth  ++........               c - +5 amulet of reflection
                                (no ring)
                                (no ring)

@: very slightly contaminated, very quick
A: unfitting armour, see invisible, herbivore 3, speed 3, slow metabolism 2
a: no special abilities


You were on level 3 of the Dungeon.
You were not hungry.

You visited 1 branch of the dungeon, and saw 4 of its levels.

You collected 177 gold pieces.

Inventory:

Missiles
 b - 104 stones (in hand)
 h - 20 poisoned needles
Armour
 q - a cursed +0 robe (worn)
Jewellery
 c - a +5 amulet of reflection (around neck)
Wands
 r - a wand of digging (15/24)
Scrolls
 i - 2 scrolls of remove curse
 k - a scroll of recharging {unknown}
 n - a scroll of blinking {unknown}
 p - 2 scrolls of amnesia {unknown}
 u - a scroll of enchant weapon {unknown}
Potions
 a - a potion of agility {unknown}
 f - a potion of beneficial mutation
 j - 2 potions of degeneration
 m - a potion of brilliance {unknown}
 o - a potion of heal wounds {unknown}
 s - a potion of flight {unknown}
 t - a potion of curing {unknown}
Books
 e - a book of Geomancy

   Spells                             Type                      Level
   a - Sandblast                      Earth                        1
   b - Passwall                       Transmutation/Earth          2
   c - Stone Arrow                    Conjuration/Earth            3
   d - Petrify                        Transmutation/Earth          4
   e - Lee's Rapid Deconstruction     Earth                        5
Comestibles
 d - 3 bread rations
 g - a slice of pizza
 l - a royal jelly


   Skills:
 + Level 5.1 Dodging
 - Level 3.0 Stealth
 + Level 4.3 Spellcasting
 - Level 1.3 Transmutations
 + Level 3.9 Earth Magic


You had 9 spell levels left.
You knew the following spells:

 Your Spells              Type           Power        Failure   Level  Hunger
a - Sandblast             Erth           ###...       2%          1    None
b - Passwall              Tmut/Erth      ##........   10%         2    ##.....


Dungeon Overview and Level Annotations

Branches:
Dungeon (4/15)
 Temple: D:4-7

Altars:
Gozag
Kikubaaqudgha
Makhleb
Qazlal
Yredelemnul


Innate Abilities, Weirdness & Mutations

You are very small and have problems with some larger weapons.
You are too small for most types of armour.
You have supernaturally acute eyesight. (SInv)
You are a herbivore.
You cover ground extremely quickly.
You need consume almost no food.


Message History

Confirm with . or Enter, or press ? or * to list all spells.
Aiming: Sandblast
Press: ? - help, Shift-Dir - straight line, f/p - orc wizard
Aim: an orc wizard, wielding a dagger and wearing a robe (moderately wounded)
You miscast Sandblast.
You are very lightly contaminated with residual magic.
You feel gritty. You block the orc wizard's attack.
The orc wizard casts a spell at you. The puff of flame hits you!
* * * LOW HITPOINT WARNING * * *
Casting: Sandblast
Confirm with . or Enter, or press ? or * to list all spells.
Aiming: Sandblast
Press: ? - help, Shift-Dir - straight line, f/p - orc wizard
Aim: an orc wizard, wielding a dagger and wearing a robe (moderately wounded)
The rocky blast hits the orc wizard.
The orc wizard is moderately wounded.
The orc wizard points at you and mumbles some strange words.
The magic dart hits you!
You die...

...+≈.§≈§§§...#..................
.≈≈+§§§≈#§........#..............
...#§§§≈#...#.....#..............
...≈≈≈###.........#..............
...≈≈≈≈..........................
.....≈≈..........÷..####.........
......≈.....#.#.....#............
..#....#....#.......#.##o........
..#....#.#..###.@...#............
..#....#(#....<.......o........>.
.......#.........##..............
.......#....###..##..............
#......#.##......##..............
.........##.....###.##...........
#######.......#.# #.##..........#
......#.......#.# #.##...........
...#............# #.##...........


You could see an orc wizard.

Vanquished Creatures
  A hound (D:3)
  Crazy Yiuf (D:3)
  A worker ant (D:3)
  An adder (D:2)
  3 oozes (D:3)
  3 worms (D:2)
  2 leopard geckos (D:2)
  2 orcs
  A ball python (D:2)
  3 bats
  2 goblins (D:2)
  10 hobgoblins
  3 jackals (D:3)
  7 kobolds
  4 quokkas
  5 frilled lizards
  3 rats
  A spectral orc (D:3)
53 creatures vanquished.

Notes
Turn   | Place    | Note
-------+----------+-------------------------------------------
     0 | D:1      | Reinor the Spriggan Earth Elementalist began the quest for the Orb.
     0 | D:1      | Reached XP level 1. HP: 9/9 MP: 5/5
   334 | D:1      | Reached XP level 2. HP: 13/13 MP: 1/7
   793 | D:1      | Learned a level 2 spell: Passwall
  1043 | D:2      | Reached XP level 3. HP: 7/16 MP: 2/8
  1537 | D:2      | Reached skill level 4 in Dodging
  1880 | D:3      | Found a stormy altar of Qazlal.
  2051 | D:3      | Reached XP level 4. HP: 21/21 MP: 5/10
  2066 | D:3      | Found a burning altar of Makhleb.
  2451 | D:3      | Found a basalt altar of Yredelemnul.
  2615 | D:3      | Found an opulent altar of Gozag.
  2630 | D:3      | Found a runed door.
  2634 | D:3      | Noticed Crazy Yiuf
  2643 | D:3      | Killed Crazy Yiuf
  2643 | D:3      | Reached skill level 5 in Dodging
  2643 | D:3      | Reached XP level 5. HP: 24/24 MP: 5/12
  2761 | D:3      | Found an ancient bone altar of Kikubaaqudgha.
  2860 | D:4      | Noticed a phantom
  2932 | D:3      | Killed from afar by an orc wizard

Skill      XL: |  1  2  3  4 |
---------------+-------------+-----
Spellcasting   | 3 4 |  4.3
Earth Magic    | 3 |  3.9
Dodging        | 4 5 |  5.1
Stealth        | |  3.0
Transmutations | |  1.3

Action                   |  1- 3 |  4- 6 || total
-------------------------+-------+-------++-------
Melee: Unarmed           |     1 |       ||     1
 Cast: Sandblast         |   100 |    42 ||   142
  Use: Scroll            |     3 |     1 ||     4
Armor: Robe              |     5 |     2 ||     7
Dodge: Dodged            |    42 |    16 ||    58
Block: Other             |       |     9 ||     9
